Map: Submarine LE

Players

SpeCial - Winner!

  • Race: Terran Terran
  • Spawn Location: 11:00

Kelazhur

  • Race: Terran Terran
  • League: Master
  • Spawn Location: 5:00

Event: DreamHack SC2 Masters 2020 Summer Latin America

VOD

Have the link to the VOD?

Description

Time

  • Played on: June 28, 2020, 4:58 p.m.
  • Length: 9:26

All games in this series

Show
View Real Time Build Order
Export as new Build Order

SpeCial Terran - Winner!

Build Orders: 1/1/1 

Get SALT Encoding   

  12  0:00  SCV  
  13  0:12  SCV  
  14  0:17  Supply Depot  
  14  0:25  SCV  
  15  0:28  Refinery  
  15  0:39  SCV  
  16  0:44  Barracks  
  16  0:51  SCV  
  16  0:55  Refinery  
  17  1:03  SCV  
  18  1:15  SCV  
  19  1:32  Orbital Command, Factory  
  19  1:35  Reaper  
  20  1:42  Supply Depot  
  20  1:58  SCV  
  21  2:07  Reaper  
  22  2:10  SCV  
  25  2:15  Hellion  
  25  2:17  Starport  
  25  2:22  SCV  
  26  2:25  Supply Depot  
  26  2:34  SCV  
  29  2:37  Widow Mine  
  29  2:39  Barracks Tech Lab  
  29  2:46  SCV  
  30  2:58  Command Center  
  30  3:04  Banshee  
  33  3:07  Barracks Reactor  
  33  3:10  Factory Tech Lab  
  34  3:12  SCV  
  34  3:19  Supply Depot  
  34  3:25  SCV  
  35  3:31  Refinery, Siege Tank  
  38  3:37  SCV  
  39  3:43  Marine  
  39  3:44  Marine  
  41  3:49  SCV  
  42  3:57  Raven  
  42  4:01  SCV, Marine x2  
  47  4:10  Orbital Command  
  47  4:13  SCV  
  47  4:16  Siege Tank  
  51  4:25  SCV, Marine x2  
  51  4:35  Supply Depot  
  51  4:37  SCV x2  
  53  4:49  SCV x2  
  53  4:50  Viking x2  
  53  4:52  Siege Tank  
  62  4:56  Marine  
  62  4:58  Supply Depot  
  63  5:02  SCV  
  63  5:03  SCV  
  65  5:14  Marine  
  65  5:15  SCV x2  
  65  5:20  Viking x2  
  72  5:27  SCV  
  73  5:31  SCV  
  73  5:33  Marine  
  75  5:39  SCV  
  75  5:41  Command Center  
  76  5:47  SCV  
  76  5:48  Supply Depot  
  77  5:54  Supply Depot, Siege Tank  
  77  5:56  Viking  
  82  6:01  Viking  
  82  6:02  SCV  
  85  6:04  SCV  
  85  6:10  Marine  
  87  6:14  SCV  
  87  6:16  SCV  
  87  6:26  SCV, Siege Tank  
  87  6:27  Marine  
  87  6:30  Refinery  
  87  6:31  Supply Depot  
  92  6:35  Viking x2  
  96  6:40  SCV  
  96  6:45  Marine  
  98  6:47  Stimpack  
  98  6:52  SCV  
  99  6:59  SCV, Siege Tank  
  99  7:00  Orbital Command  
  101  7:03  Marine  
  101  7:07  Viking x2  
  106  7:14  SCV x2  
  108  7:21  Marine  
  109  7:26  SCV  
  110  7:31  SCV x2, Siege Tank  
  115  7:38  SCV  
  115  7:39  Marine  
  115  7:43  SCV, Viking x2  
  116  7:52  SCV  
  116  7:53  Barracks  
  116  7:54  Barracks  
  116  7:56  Marine  
  116  8:01  SCV  
  116  8:03  SCV, Siege Tank  
  119  8:10  SCV  
  120  8:13  SCV, Liberator  
  120  8:14  Marine  
  120  8:19  Supply Depot  
  125  8:20  Supply Depot x2  
  125  8:23  SCV  
  124  8:30  SCV  
  125  8:34  Engineering Bay  
  125  8:36  Engineering Bay  
  125  8:41  Viking, SCV, Marine  
  128  8:43  Barracks Tech Lab  
  128  8:44  Barracks Reactor, Siege Tank  
  128  8:48  SCV  
  133  8:52  SCV  
  133  8:53  SCV  
  135  8:59  Marine  
  135  9:00  SCV  
  135  9:02  Marauder  
  141  9:08  SCV x2  
Show
View Real Time Build Order
Export as new Build Order

Kelazhur Terran 

Build Orders: Reaper Expand, Mech 

Get SALT Encoding   

  12  0:00  SCV  
  13  0:13  SCV  
  14  0:17  Supply Depot  
  14  0:25  SCV  
  15  0:38  SCV  
  15  0:40  Barracks  
  16  0:43  Refinery  
  16  0:50  SCV  
  17  1:02  SCV  
  18  1:15  SCV  
  19  1:27  Reaper, Orbital Command  
  20  1:41  Command Center  
  20  1:51  Supply Depot  
  20  1:53  SCV  
  21  1:59  Marine  
  22  2:05  Factory  
  22  2:09  SCV  
  23  2:16  Bunker  
  23  2:21  SCV, Marine  
  25  2:26  Refinery  
  25  2:33  SCV  
  26  2:40  Marine  
  27  2:45  SCV  
  27  2:49  Hellion  
  30  2:55  Orbital Command  
  30  2:57  SCV  
  31  2:58  Starport  
  31  3:02  Barracks Reactor  
  31  3:09  SCV  
  32  3:15  Refinery, Factory Tech Lab  
  32  3:21  SCV  
  32  3:22  SCV  
  34  3:33  SCV, Cyclone  
  34  3:34  SCV  
  39  3:35  Starport Tech Lab  
  39  3:38  Marine x2  
  41  3:43  Supply Depot  
  41  3:45  SCV  
  41  3:46  SCV  
  43  3:55  Raven  
  45  3:57  SCV, Supply Depot  
  46  4:04  SCV, Marine x2  
  46  4:09  SCV  
  49  4:10  Siege Tank  
  49  4:16  SCV  
  53  4:22  SCV  
  52  4:25  Marine x2  
  52  4:28  SCV  
  55  4:34  SCV, Supply Depot  
  56  4:41  SCV  
  56  4:43  Supply Depot, Siege Tank  
  60  4:46  SCV  
  61  4:55  SCV, Viking x2  
  61  4:56  Supply Depot  
  61  4:58  SCV  
  67  5:01  Marine  
  68  5:08  Command Center  
  68  5:10  SCV x2  
  70  5:20  Siege Tank  
  70  5:21  Marine  
  74  5:22  SCV x2  
  76  5:30  Viking x2  
  76  5:34  SCV  
  76  5:35  SCV  
  82  5:38  Supply Depot, Refinery, Marine  
  83  5:46  SCV  
  84  5:50  Supply Depot  
  84  5:53  SCV  
  84  5:55  Supply Depot  
  85  5:58  Supply Depot  
  85  6:00  Siege Tank  
  85  6:02  Viking x2  
  92  6:07  SCV  
  93  6:13  Factory  
  93  6:14  SCV  
  93  6:17  Supply Depot  
  94  6:23  Orbital Command  
  94  6:26  Barracks Reactor, Factory  
  94  6:29  SCV  
  94  6:32  Viking  
  97  6:35  SCV  
  95  6:41  SCV, Supply Depot  
  95  6:42  Siege Tank  
  95  6:45  Engineering Bay  
  97  6:56  Viking  
  97  6:58  SCV  
  100  7:02  Refinery, Orbital Command  
  100  7:04  SCV  
  101  7:10  SCV  
  101  7:12  Viking  
  104  7:16  SCV  
  104  7:17  Armory  
  104  7:22  Refinery  
  104  7:28  SCV  
  104  7:29  Siege Tank  
  106  7:30  Refinery  
  106  7:34  Hellion x2  
  110  7:37  Supply Depot  
  110  7:40  SCV  
  99  7:48  Viking, Siege Tank  
  99  7:49  SCV  
  104  7:53  SCV  
  104  7:54  Command Center  
  104  7:56  SCV  
  104  7:58  Hellion x2  
  108  8:01  SCV  
  108  8:05  Missile Turret  
  102  8:06  SCV, Missile Turret  
  102  8:09  Siege Tank  
  102  8:10  Liberator  
  107  8:13  SCV  
  107  8:16  SCV  
  107  8:19  SCV  
  110  8:23  Hellion, Siege Tank  
  110  8:24  Supply Depot x2  
  113  8:27  Viking  
  114  8:35  SCV x2  
  114  8:36  SCV  
  117  8:46  Hellion, Siege Tank  
  117  8:47  SCV x2  
  117  8:48  Hellion  
Tags
 
Add a new tag
Caveats
  • Supply blocks, unpowered buildings, or Contaminate may cause inaccurate times.
  • Supply counts are checked every 10 seconds.